 Dungeon Crawl Stone Soup version 0.32-a0-607-g64ea0e4219 (webtiles) character file.

Game seed: 2083278484569595425

228513 gimp the Severer (level 19, -5/223 HPs)
             Began as a Coglin Berserker on Mar 3, 2024.
             Was an Elder of Trog.
             Slain by an ettin
             ... wielding a +0 dire flail
              (33 damage)
             ... on level 1 of the Vaults on Mar 4, 2024.
             The game lasted 01:59:23 (52518 turns).

gimp the Severer (Coglin Berserker)                Turns: 52518, Time: 01:59:23

Health: -5/223     AC: 20    Str: 24    XL:     19   Next: 42%
Magic:  19/19      EV: 13    Int: 11    God:    Trog [****..]
Gold:   1610       SH:  0    Dex: 13    Spells: 18/18 levels left

rFire   . . .        M - +0 broad axe (flame) {Junzo}
rCold   + + .        J - +4 war axe (freeze) {Miranda}
rNeg    . . .        i - +1 chain mail {rPois}
rPois   +            L - +1 hat
rElec   +            z - +2 cloak {rC+}
rCorr   .            n - +0 pair of gloves
SInv    .            (no boots)
Will    +....        (amulet unavailable) Stlth
                     (ring unavailable)
HPRegen 0.57/turn    (ring unavailable)
MPRegen 0.16/turn    k - geobismuth samoflange {Gadgeteer, rElec rC+}

%: no passive effects
@: berserking (expiring), marked, studying 2 skills, revved, very quick
A: off-hand wielding, slow wielding, warmup strikes, no jewellery, clever 1
}: 1/15 runes: gossamer
a: Renounce Religion, Berserk, Trog's Hand, Brothers in Arms


You were on level 1 of the Vaults.
You worshipped Trog.
Trog was greatly pleased with you.
You visited 6 branches of the dungeon, and saw 31 of its levels.
You also visited: Ice Cave and Wizlab.

You collected 2973 gold pieces.
You spent 1363 gold pieces at shops.

Inventory:

Hand Weapons
 C - a +4 scimitar of flaming {Dave}
 J - a +4 war axe of freezing (offhand) {Miranda}
 M - a +0 broad axe of flaming (weapon) {Junzo}
Missiles
 t - 9 curare-tipped darts
Armour
 a - +0 acid dragon scales
 c - a +0 chain mail of fire resistance
 g - a +3 ring mail of willpower
 i - a +1 chain mail of poison resistance (worn)
 l - a +2 ring mail of cold resistance
 n - a +0 pair of gloves (worn)
 w - the +2 shield of Resistance {rF++ rC++ Will++}
   (You acquired it on level 2 of the Lair of Beasts)

   rF++:      It greatly protects you from fire.
   rC++:      It greatly protects you from cold.
   Will++:    It greatly increases your willpower.
 z - a +2 cloak of cold resistance (worn)
 L - a +1 hat (worn)
 S - +0 swamp dragon scales
Gizmo
 k - a geobismuth samoflange (installed) {Gadgeteer, rElec rC+}
   (You invented it yourself on level 2 of the Lair of Beasts)

   [geobismuth samoflange]

   Gadgeteer: Your evocable items recharge 30% faster and wands have a 30%
   chance to not spend a charge.
   rC+:       It protects you from cold.
   rElec:     It insulates you from electricity.
Wands
 y - a wand of mindburst (8)
 B - a wand of roots (10)
 G - a wand of acid (14)
 K - a wand of flame (39)
 P - a wand of digging (9)
 Q - a wand of polymorph (10)
Scrolls
 d - 3 scrolls of fear
 f - 7 scrolls of poison
 h - 4 scrolls of brand weapon
 j - 4 scrolls of teleportation
 m - 4 scrolls of fog
 p - 10 scrolls of vulnerability
 r - 6 scrolls of immolation
 u - 3 scrolls of torment
 v - 4 scrolls of revelation
 x - 3 scrolls of enchant armour
 A - 2 scrolls of enchant weapon
 H - 2 scrolls of blinking
 O - 2 scrolls of identify
Potions
 b - 11 potions of curing
 e - 11 potions of might
 o - 5 potions of mutation
 s - 3 potions of haste
 D - 3 potions of enlightenment
 E - a potion of lignification
 F - 2 potions of magic
 I - 11 potions of ambrosia
 N - a potion of berserk rage
 T - a potion of invisibility


   Skills:
 - Level 13.3 Fighting
 - Level 18.0 Axes
 - Level 15.0 Armour
 + Level 9.1 Dodging
 + Level 14.6 Shields
 - Level 15.0 Evocations


You had 18 spell levels left.
You didn't know any spells.
Your spell library was empty.

Dungeon Overview and Level Annotations

Branches:
Dungeon (15/15)            Temple (0/1) D:7            Lair (5/5) D:11
  Swamp (4/4) Lair:3       Spider (4/4) Lair:3        Slime (0/5) Lair:5
    Orc (2/2) D:10            Elf (0/3) Orc:2        Vaults (1/5) D:13
 Depths (0/4) D:15          IceCv (visited)          WizLab (visited)

Altars:
Dithmenos
Fedhas
Makhleb
Nemelex Xobeh
Ru
Uskayaw
Vehumet
Wu Jian
Xom
Zin
The Shining One
Beogh

Shops:
D:7 :   D:9 ((=*!   Orc:2 *(?!(

Portals:
Trove: D:12 (give 17 potions of curing)

Annotations:
D:3 1 runed translucent door, exclusion: door, Crazy Yiuf
Lair:3 1 runed translucent door, exclusion: door, Labuc's ghost, journeyman GrEE


Innate Abilities, Weirdness & Mutations

You can wield a second weapon in your off-hand.
It takes a long time for you to wield or remove held weapons.
Your first few attacks do less damage.
You cannot equip rings or amulets.
Your mind is acute. (Int +4, Str/Dex -1)


Message History

You slash Saint Roka with your +4 war axe of freezing!
You freeze Saint Roka.
You closely miss the vault warden with your +4 war axe of freezing.
You hit Saint Roka with your +4 war axe of freezing.
You freeze Saint Roka.
Saint Roka is moderately wounded.
You hit the vault warden with your +4 war axe of freezing.
You freeze the vault warden.
You slice Saint Roka with your +0 broad axe of flaming!!
You burn Saint Roka.
You slash the vault warden with your +0 broad axe of flaming!
You burn the vault warden. Saint Roka barely misses you.
The vault warden hits you with a +0 battleaxe!!
You take 19 damage, and have 87/223 hp.
You hit Saint Roka but do no damage.
Saint Roka is heavily wounded.
You slash the vault warden with your +0 broad axe of flaming!
You burn the vault warden. You hit Saint Roka but do no damage.
You slash the vault warden with your +4 war axe of freezing!
You freeze the vault warden.
You barely miss Saint Roka with your +0 broad axe of flaming.
Saint Roka is heavily wounded.
You hit the vault warden with your +0 broad axe of flaming.
You burn the vault warden.
You open Saint Roka like a pillowcase with your +4 war axe of freezing!!!
You freeze Saint Roka.
You barely miss the vault warden with your +4 war axe of freezing.
Saint Roka hits you with a +3 long sword of electrocution.
The vault warden hits you with a +0 battleaxe!!
You take 19 damage, and have 69/223 hp.
You closely miss Saint Roka with your +0 broad axe of flaming.
Saint Roka is severely wounded.
You slash the vault warden with your +0 broad axe of flaming!
You burn the vault warden.
You completely miss Saint Roka with your +4 war axe of freezing.
You hit the vault warden with your +4 war axe of freezing.
You freeze the vault warden.
You kill the vault warden!
Trog accepts your kill.
Trog appreciates your killing of a magic user.
Your Dodging skill increases to level 9!
You slice Saint Roka with your +0 broad axe of flaming!!
You burn Saint Roka.
Saint Roka is severely wounded.
You hit Saint Roka but do no damage.
Saint Roka hits you with a +3 long sword of electrocution!!
* * * LOW HITPOINT WARNING * * *
You take 18 damage, and have 51/223 hp.
You slash Saint Roka with your +4 war axe of freezing!
You freeze Saint Roka.
Saint Roka is almost dead.
You slash the vault warden with your +4 war axe of freezing!
You freeze the vault warden.
You barely miss Saint Roka with your +0 broad axe of flaming.
You slash the vault warden with your +0 broad axe of flaming!
You burn the vault warden.
You closely miss Saint Roka with your +0 broad axe of flaming.
Saint Roka is almost dead.
You slash the vault warden with your +0 broad axe of flaming!
You burn the vault warden.
You slash Saint Roka with your +4 war axe of freezing!
You freeze Saint Roka.
You closely miss the vault warden with your +4 war axe of freezing.
The vault warden hits you with a +0 war axe!
* * * LOW HITPOINT WARNING * * *
Saint Roka hits you with a +3 long sword of electrocution!
* * * LOW HITPOINT WARNING * * *
You take 24 damage, and have 27/223 hp.
You barely miss Saint Roka with your +0 broad axe of flaming.
Saint Roka is almost dead.
You slash the vault warden with your +0 broad axe of flaming!
You burn the vault warden.
You slash Saint Roka with your +4 war axe of freezing!
You freeze Saint Roka.
You slash the vault warden with your +4 war axe of freezing!
You freeze the vault warden.
You slash the vault warden with your +0 broad axe of flaming!
You burn the vault warden.
The vault warden is almost dead.
You barely miss Saint Roka with your +0 broad axe of flaming.
You slice the vault warden with your +4 war axe of freezing!!
You freeze the vault warden.
You kill the vault warden!
Trog accepts your kill.
Trog appreciates your killing of a magic user.
You slash Saint Roka with your +4 war axe of freezing!
You freeze Saint Roka.
You kill Saint Roka!
Trog accepts your kill.
You slash the ettin with your +4 war axe of freezing!
You freeze the ettin.
The ettin is moderately wounded.
You slash the ettin with your +0 broad axe of flaming!
You burn the ettin.
You hit the ettin with your +4 war axe of freezing.
You freeze the ettin.
The ettin is severely wounded.
You hit the ettin but do no damage.
The ettin hits you with a +0 dire flail!!
You die...

#################################
.................................
...................o.............
###########[[..###########'######
#....#)Co........#
#....#@##.....##)#
#....#).##...##..#
#....#...##.##...# ######
#....#....###....# #.#..##
#....#...##.##...# .#.#..#
#....#..##...##..# ..#..##
#....#.##.....##.# .#p#..#
#....#...........# ..#.###
#....##########+#####


You could see an ettin and an orc priest (strong).

Vanquished Creatures
  Saint Roka (Vaults:1)
  Arachne (Spider:1)
  An electric golem (WizLab)
  2 Ice Fiends (IceCv)
  Jorgrun (D:14)
  A thorn hunter (Swamp:3)
  Gastronok (Lair:3)
  2 emperor scorpions
  Aizul (Vaults:1)
  A fire giant (WizLab)
  3 vault wardens (Vaults:1)
  An angel (WizLab)
  5 ghost moths
  An orc warlord (Orc:1)
  7 broodmothers
  An ironbound preserver (Vaults:1)
  4 ironbound thunderhulks (WizLab)
  3 spark wasps
  6 eleionomae
  2 war gargoyles (WizLab)
  6 bunyips
  2 crystal guardians (WizLab)
  A yaktaur captain (Vaults:1)
  2 great orbs of eyes (Vaults:1)
  An entropy weaver (Spider:4)
  Fannar (D:10)
  Erolcha (Orc:2)
  A shambling mangrove (Swamp:2)
  13 hydras
  4 caustic shrike simulacra (IceCv)
  A ghost crab (Swamp:3)
  5 peacekeepers (WizLab)
  2 ogre magi
  11 two-headed ogres
  2 salamander tyrants (WizLab)
  10 alligators
  6 radroaches
  8 boulder beetles
  Erica (D:10)
  6 centaur warriors
  An anaconda (Spider:3)
  A death knight (D:15)
  A deep troll earth mage (D:15)
  An ironbound frostheart (Vaults:1)
  3 tengu warriors
  4 orc high priests (Orc:2)
  2 demonic crawlers
  4 skeletal warriors
  A skyshark (Lair:2)
  Amaemon (Lair:3)
  4 goliath frogs
  6 pharaoh ants
  3 swamp dragons
  14 orb spiders
  7 spriggan druids
  6 deep trolls
  4 bog bodies
  2 obsidian statues (IceCv)
  2 sun moths
  5 steelbarb worms
  6 thermic dynamos (WizLab)
  2 deep elf pyromancers
  2 lightning spires (WizLab)
  11 wolf spiders
  3 ironbound convokers (Vaults:1)
  6 orc knights
  7 orc sorcerers
  2 ugly things
  5 cyclopes
  2 will-o-the-wisps (Swamp:3)
  A moth of wrath (Spider:4)
  16 elephants
  A manticore (D:14)
  5 black mambas
  2 vault sentinels (Vaults:1)
  2 kobold blastminers
  2 molten gargoyles (WizLab)
  5 gargoyles
  A rime drake (Lair:4)
  An orange demon (Lair:3)
  3 torpor snails
  A yaktaur (shapeshifter) (D:13)
  12 cane toads
  3 efreet
  4 freezing wraiths (IceCv)
  21 komodo dragons
  2 anaconda simulacra (IceCv)
  5 yaktaurs (Vaults:1)
  A golden dragon simulacrum (IceCv)
  15 hornets
  A queen bee (D:10)
  7 trolls
  A wolf spider simulacrum (D:15)
  20 tarantellas
  5 polar bears
  7 tyrant leeches
  A dream sheep (Lair:5)
  An alligator simulacrum (IceCv)
  25 blink frogs
  23 slime creatures
  17 culicivoras
  34 jumping spiders
  3 vampires
  28 spriggans
  10 wyverns
  3 fire bats (Lair:1)
  A dire elephant simulacrum (IceCv)
  80 yaks
  4 wraiths
  5 basilisks
  Eustachio (D:6)
  A warg (Orc:2)
  A steam dragon (D:8)
  A minotaur simulacrum (IceCv)
  47 redbacks
  4 vampire mosquitoes
  10 swamp worms
  12 water moccasins
  4 acid dragons
  4 hydra simulacra (IceCv)
  A swamp drake (D:11)
  A sky beast (D:7)
  An ettin simulacrum (IceCv)
  7 black bears
  2 ice beasts
  2 laughing skulls (D:13)
  29 orc warriors
  3 boggarts (Lair:5)
  13 centaurs
  25 wolves
  4 ogres
  2 kobold brigands
  2 phantoms (D:5)
  13 bullfrogs
  5 scorpions
  A deep troll simulacrum (IceCv)
  4 earth elementals (WizLab)
  14 wights
  20 killer bees
  8 electric eels
  13 howler monkeys
  A lindwurm simulacrum (IceCv)
  A bombardier beetle (D:5)
  2 lava snakes (Lair:1)
  2 jellies
  22 orc priests
  A gnoll bouda (D:8)
  6 hounds
  11 iguanas
  A sleepcap (D:5)
  25 orc wizards
  5 gnolls (D:8)
  8 adders
  A shadow imp (D:6)
  A white imp (D:7)
  2 ufetubi (D:6)
  A dart slug (D:3)
  4 ribbon worms
  113 orcs
  4 ball pythons
  5 endoplasms
  3 giant cockroaches
  7 goblins
  10 hobgoblins
  16 kobolds
  2 quokkas
  5 bats
  22 frilled lizards
  3 rats
  2 spectral weapons
1167 creatures vanquished.

Vanquished Creatures (collateral kills)
  A fenstrider witch (Swamp:2)
  A yaktaur captain (Vaults:1)
  A hornet (Swamp:2)
  A jumping spider (Spider:3)
  3 slime creatures (Vaults:1)
  2 swamp worms (Swamp:2)
9 creatures vanquished.

Vanquished Creatures (others)
  A tengu conjurer (D:14)
  3 bloated husks
  A centaur (D:15)
  An orc wizard (D:6)
  An orc (Orc:1)
  23 foxfires
30 creatures vanquished.

Grand Total: 1206 creatures vanquished

Notes
Turn   | Place    | Note
-------+----------+-------------------------------------------
     0 | D:1      | gimp the Coglin Berserker began the quest for the Orb.
     0 | D:1      | Reached XP level 1. HP: 18/18 MP: 1/1
   303 | D:1      | Reached XP level 2. HP: 24/24 MP: 2/2
   864 | D:2      | Reached XP level 3. HP: 29/29 MP: 3/3
   977 | D:2      | Reached skill level 4 in Axes
  1557 | D:3      | Found a runed translucent door.
  1558 | D:3      | Noticed Crazy Yiuf
  1686 | D:3      | Reached XP level 4. HP: 37/37 MP: 4/4
  1699 | D:3      | Reached ** piety under Trog
  2782 | D:4      | Reached XP level 5. HP: 42/42 MP: 5/5
  3032 | D:4      | Found a shadowy altar of Dithmenos.
  3037 | D:4      | Found an ornate altar of the Wu Jian Council.
  3037 | D:4      | Found a blossoming altar of Fedhas.
  3046 | D:4      | Found a sparkling altar of Nemelex Xobeh.
  3048 | D:4      | Found a glowing golden altar of the Shining One.
  3215 | D:5      | Entered Level 5 of the Dungeon
  3305 | D:5      | Reached skill level 5 in Axes
  3646 | D:5      | Noticed a phantom
  3650 | D:5      | Killed a phantom
  3651 | D:5      | Reached XP level 6. HP: 49/49 MP: 6/6
  3694 | D:5      | Reached skill level 6 in Axes
  3917 | D:5      | Found a sacrificial altar of Ru.
  4038 | D:5      | Reached skill level 5 in Fighting
  4288 | D:5      | Reached XP level 7. HP: 56/56 MP: 7/7
  4592 | D:6      | Reached skill level 7 in Axes
  4763 | D:6      | Reached XP level 8. HP: 61/64 MP: 8/8
  4818 | D:6      | Reached skill level 8 in Axes
  4953 | D:6      | HP: 2/64 [poisoned by a scorpion]
  5335 | D:6      | Noticed Eustachio
  5355 | D:6      | HP: 3/65 [Eustachio/+0 falchion (2)]
  5357 | D:6      | Killed Eustachio
  5587 | D:6      | Reached skill level 9 in Axes
  5885 | D:6      | Found a hide-covered altar of Uskayaw.
  6555 | D:7      | Reached *** piety under Trog
  6556 | D:7      | Reached XP level 9. HP: 54/72 MP: 9/9
  6703 | D:7      | Reached skill level 10 in Axes
  7140 | D:7      | Found a staircase to the Ecumenical Temple.
  7262 | D:7      | Found Eheoj Isung's Book Shop.
  7808 | D:8      | Reached skill level 11 in Axes
  8370 | D:9      | Found Cuadif's Distillery.
  8372 | D:9      | Bought a potion of curing for 42 gold pieces
  8372 | D:9      | Bought a potion of heal wounds for 70 gold pieces
  8428 | D:9      | Reached XP level 10. HP: 57/82 MP: 10/10
  8531 | D:9      | Found Leelot's General Store.
  8541 | D:9      | Bought a potion of might for 60 gold pieces
  8541 | D:9      | Bought a potion of curing for 45 gold pieces
  8597 | D:9      | Found Hifyliti's Jewellery Emporium.
  8735 | D:9      | Reached skill level 12 in Axes
  9006 | D:9      | Found Zeshuamm's Weapon Boutique.
  9016 | D:9      | Found Kaevoaf's Antique Weapon Shop.
  9079 | D:9      | Reached **** piety under Trog
  9317 | D:9      | Found a burning altar of Makhleb.
  9336 | D:9      | Found a glowing silver altar of Zin.
  9336 | D:9      | Noticed an angel
  9337 | D:9      | Noticed a balrug
  9816 | D:10     | Entered Level 10 of the Dungeon
  9839 | D:10     | Reached skill level 13 in Axes
 10081 | D:10     | Noticed Fannar
 10093 | D:10     | Killed Fannar
 10094 | D:10     | Reached skill level 10 in Fighting
 10094 | D:10     | Reached XP level 11. HP: 32/90 MP: 11/11
 10631 | D:10     | Reached skill level 14 in Axes
 10701 | D:10     | Found a staircase to the Orcish Mines.
 10824 | D:10     | Found a shimmering altar of Xom.
 11094 | D:10     | Noticed Erica
 11094 | D:10     | Noticed a two-headed ogre
 11116 | D:10     | Killed Erica
 11120 | D:10     | Killed a two-headed ogre
 11905 | D:11     | Reached skill level 15 in Axes
 12297 | D:11     | Noticed a cyclops
 12302 | D:11     | Killed a cyclops
 12475 | D:11     | Found a staircase to the Lair.
 12575 | D:11     | Reached XP level 12. HP: 86/100 MP: 12/12
 13211 | D:9      | Bought a +4 war axe of freezing for 339 gold pieces
 13273 | Orc:1    | Entered Level 1 of the Orcish Mines
 13470 | Orc:1    | Found a radiant altar of Vehumet.
 13477 | Orc:1    | Noticed an orc warlord
 13699 | Orc:1    | Reached ***** piety under Trog
 13709 | Orc:1    | Killed an orc warlord
 13762 | Orc:1    | Reached skill level 16 in Axes
 14086 | Orc:2    | Entered Level 2 of the Orcish Mines
 14468 | Orc:2    | Noticed a soul eater
 14468 | Orc:2    | Noticed a two-headed ogre
 14516 | Orc:2    | Killed a two-headed ogre
 14704 | Orc:2    | Noticed Erolcha
 14714 | Orc:2    | Killed Erolcha
 14967 | Orc:2    | Found a burning altar of Makhleb.
 14984 | Orc:2    | Found a staircase to the Elven Halls.
 15009 | Orc:2    | Noticed a two-headed ogre
 15034 | Orc:2    | Killed a two-headed ogre
 15119 | Orc:2    | Found a roughly hewn altar of Beogh.
 15250 | Orc:2    | Found Caim's Weapon Shop.
 15509 | Orc:2    | Noticed a two-headed ogre
 15515 | Orc:2    | Killed a two-headed ogre
 15627 | Orc:2    | Received a gift from Trog
 15628 | Orc:2    | Reached skill level 17 in Axes
 15644 | Orc:2    | Noticed a two-headed ogre
 15652 | Orc:2    | Killed a two-headed ogre
 15734 | Orc:2    | Noticed an orc high priest
 15734 | Orc:2    | Noticed an orc high priest
 15743 | Orc:2    | Killed an orc high priest
 15774 | Orc:1    | Noticed an orc high priest
 15778 | Orc:1    | Noticed a soul eater
 15778 | Orc:1    | You fall into a shaft and drop 1 floor!
 15931 | Orc:2    | Reached XP level 13. HP: 79/109 MP: 13/13
 16410 | Orc:2    | Found Elasm's General Store.
 16410 | Orc:2    | Found Taezae's Distillery.
 16412 | Orc:2    | Found Foishras's Antique Weapon Shoppe.
 16412 | Orc:2    | Found Ofrolufu's Magic Scroll Boutique.
 16422 | Orc:2    | Bought a scroll of blinking for 90 gold pieces
 16422 | Orc:2    | Bought a scroll of identify for 24 gold pieces
 16422 | Orc:2    | Bought a scroll of identify for 24 gold pieces
 16422 | Orc:2    | Bought a scroll of fog for 48 gold pieces
 16424 | Orc:2    | Bought a potion of haste for 150 gold pieces
 16424 | Orc:2    | Bought a potion of heal wounds for 75 gold pieces
 16424 | Orc:2    | Bought a potion of curing for 45 gold pieces
 16424 | Orc:2    | Bought a potion of heal wounds for 75 gold pieces
 16426 | Orc:2    | Bought a scroll of enchant weapon for 90 gold pieces
 17501 | Orc:2    | Reached skill level 18 in Axes
 17867 | Orc:2    | Bought a glowing hand axe for 186 gold pieces
 17976 | Lair:1   | Entered Level 1 of the Lair of Beasts
 18186 | Lair:1   | Received a gift from Trog
 18937 | Lair:1   | Reached skill level 5 in Armour
 20312 | Lair:2   | Identified a scroll of acquirement
 20331 | Lair:2   | Acquired the +2 shield of Resistance {rF++ rC++ Will++}
 20331 | Lair:2   | Found the +2 shield of Resistance {rF++ rC++ Will++}
 20515 | Lair:2   | Reached skill level 1 in Shields
 20874 | Lair:3   | Found a staircase to the Swamp.
 21118 | Lair:3   | Noticed Amaemon
 21127 | Lair:3   | Killed Amaemon
 21128 | Lair:3   | Reached XP level 14. HP: 118/118 MP: 14/14
 21157 | Lair:2   | Acquired a geobismuth samoflange {Gadgeteer, rElec rC+}
 21584 | Lair:3   | Found a runed translucent door.
 21588 | Lair:3   | Identified the +10 spear of Rucegi {protect, rPois rF++
                  | Int-5}
 21588 | Lair:3   | Noticed Labuc's ghost (journeyman GrEE)
 21619 | Lair:3   | Noticed Gastronok
 21643 | Lair:3   | Killed Gastronok
 21993 | Lair:3   | Found a hole to the Spider Nest.
 22539 | Lair:4   | Reached skill level 5 in Shields
 23024 | Lair:4   | Received a gift from Trog
 23949 | Lair:5   | Entered Level 5 of the Lair of Beasts
 24451 | Lair:5   | Reached XP level 15. HP: 124/124 MP: 15/15
 25117 | Lair:5   | Received a gift from Trog
 25159 | Lair:5   | Paralysed by a hornet for 2 turns
 26152 | Lair:5   | Found a staircase to the Slime Pits.
 26583 | D:12     | Found a portal to a secret trove of treasure.
 27282 | D:12     | Reached skill level 10 in Armour
 27622 | D:13     | Received a gift from Trog
 27859 | D:13     | Found a gate to the Vaults.
 29643 | D:14     | Acquired a manual of Armour
 29714 | D:14     | Reached skill level 10 in Shields
 30335 | D:14     | Noticed Jorgrun
 30354 | D:14     | Killed Jorgrun
 30546 | D:15     | Entered Level 15 of the Dungeon
 30566 | D:15     | Reached XP level 16. HP: 131/131 MP: 16/16
 31266 | D:15     | Found a hide-covered altar of Uskayaw.
 31849 | D:15     | Found a staircase to the Depths.
 32444 | Swamp:1  | Entered Level 1 of the Swamp
 34134 | Swamp:2  | Noticed a fenstrider witch
 34143 | Swamp:2  | Killed a fenstrider witch
 35276 | Swamp:3  | Reached XP level 17. HP: 132/137 MP: 17/17
 36656 | Swamp:4  | Entered Level 4 of the Swamp
 38026 | Spider:1 | Entered Level 1 of the Spider Nest
 38873 | Spider:1 | Reached skill level 1 in Evocations
 40351 | Spider:2 | Reached skill level 15 in Armour
 40799 | Spider:2 | Reached skill level 5 in Evocations
 41069 | Spider:2 | Reached skill level 5 in Dodging
 41489 | Spider:2 | Noticed Agnes
 41491 | Spider:2 | Agnes changed into Agnes the two-headed ogre
 41491 | Spider:2 | Noticed Agnes
 41498 | Spider:2 | Killed Agnes the two-headed ogre
 41504 | Spider:2 | Noticed Arachne
 41822 | Spider:1 | Killed Arachne
 43749 | Spider:3 | Reached XP level 18. HP: 124/143 MP: 18/18
 44157 | Spider:3 | Identified the +1 robe of Inviolability {-Tele Int+5 SInv
                  | Archmagi}
 44251 | Spider:4 | Entered Level 4 of the Spider Nest
 44422 | Spider:4 | Found a glacial archway.
 44519 | IceCv    | Entered an ice cave
 45236 | IceCv    | Reached skill level 10 in Evocations
 45370 | IceCv    | Noticed an Ice Fiend
 45371 | IceCv    | Noticed an Ice Fiend
 45374 | IceCv    | Killed an Ice Fiend
 45378 | IceCv    | Killed an Ice Fiend
 45684 | Spider:4 | Identified the +1 robe "Kyijof" {+Inv Will+ Regen+ Int+2}
 45791 | Spider:4 | Gained mutation: You occasionally lose the ability to read
                  | scrolls when taking damage. [mutagenic glow]
 46005 | Spider:4 | Lost mutation: You occasionally lose the ability to read
                  | scrolls when taking damage. [potion of mutation]
 46005 | Spider:4 | Gained mutation: Your mind is acute. (Int +4, Str/Dex -1)
                  | [potion of mutation]
 47095 | Spider:4 | Identified the +9 hand axe of Moolerri {flame, rC+ Stlth+}
                  | (Trog gifted it to you on level 4 of the Spider Nest)
 47095 | Spider:4 | Received a gift from Trog
 48889 | Spider:4 | Got a gossamer rune of Zot
 49163 | Vaults:1 | Entered Level 1 of the Vaults
 49170 | Vaults:1 | Identified the serpent talisman "Warghy" {*Corrode rN++
                  | Int+5}
 49170 | Vaults:1 | Noticed Aizul
 49197 | Vaults:1 | Killed Aizul
 49438 | Vaults:1 | Found a magical portal.
 49461 | WizLab   | Entered Maxwell's Workshop
 50178 | WizLab   | Reached XP level 19. HP: 85/149 MP: 19/19
 50866 | WizLab   | Identified the ring of the Evening {Fire Fly rCorr Int+4
                  | Dex+2}
 50867 | WizLab   | Identified the ring of Omafag {Fire rElec Will+ Dex+2}
 51349 | WizLab   | Identified the +2 pair of gloves of Byuddaak {-Tele Str+6
                  | Dex+2}
 51351 | WizLab   | Noticed an electric golem
 51367 | WizLab   | Killed an electric golem
 52044 | Vaults:1 | Noticed Saint Roka
 52257 | Vaults:1 | Identified the amulet of Nafobante {Faith Rampage Str+5
                  | Int-2}
 52448 | Vaults:1 | Reached skill level 15 in Evocations
 52516 | Vaults:1 | Killed Saint Roka
 52518 | Vaults:1 | Slain by an ettin

Illustrated notes

Levels and vault maps discovered:
D:1:      dpeg_arrival_arbitrary_a, layout_basic, minivault_23
D:2:      layout_basic
D:3:      minmay_wonky_spiral, layout_loops_ring, uniq_crazy_yiuf_cottage
D:4:      layout_loops_cross, minmay_overflow_temple_star_hex,
          minmay_misc_feat_cross, minmay_ruptured
D:5:      layout_basic, nicolae_ru_sacrificial_ziggurat, supply_closet_lemuel
D:6:      layout_layer_cave, mainiacjoe_overflow_catwalk, uniq_eustachio
D:7:      layout_cave_pools, minmay_temple_entry_junction, serial_shops,
          nicolae_shop_pleasant_corner_grove, serial_bayou_pond_a
D:8:      layout_gridville
D:9:      layout_grid_maze, grunt_temple_overflow_order_and_chaos_2,
          serial_shops, shop, shop_statue, shop, shop, nicolae_shop_waterfront,
          serial_glass, glass_columns_a, glass_columns_a,
          kennysheep_generic_room_6
D:10:     layout_roguey [special_room_orc], tgw_xom, david_orc_3, special_room
          [special_room_bee], uniq_erica, uniq_fannar
D:11:     layout_loops_ring, erik_lair_island
D:12:     lemuel_reptile_caves, layout_cave_pools,
          nicolae_trove_entry_crossroad, grunt_ministairs_8
D:13:     layout_irregular_city, hellmonk_vaults_attempted_burglary
D:14:     layout_basic, minmay_misc_feat_doors, uniq_jorgrun
D:15:     hellmonk_depths_entry_around_the_bend, layout_basic,
          nicolae_uskayaw_murder_on_the_dancefloor, serial_rivers,
          chequers_serial_rivers_marsh, chequers_serial_rivers_micro_c,
          chequers_serial_rivers_small_a, chequers_serial_rivers_micro_c,
          chequers_serial_rivers_marsh
Lair:1:   layout_gridlike
Lair:2:   layout_regular_city, beast_lair_carwin_9, grunt_megastairs_2,
          serial_bayou_shore_a
Lair:3:   layout_hall_layers, swamp_mist_pool, spider_nest_entry_web_field,
          ebering_ghost_funeral_grove, serial_bayou_ford_a, st_stairs_7,
          gammafunk_lair_bear_cave, uniq_gastronok, uniq_amaemon
Lair:4:   layout_small_grid, st_stairs_7, nicolae_lair_grazing_beasts
          [nicolae_sub_lair_graze_edge, nicolae_sub_lair_graze_edge,
          nicolae_sub_lair_graze_edge, nicolae_sub_lair_graze_edge]
Lair:5:   minmay_lair_end_enchanted_forest, layout_cave_pods, slime_entry_1,
          chequers_serial_rivers_small_b, infiniplex_staircase_pool_2
Swamp:1:  layout_falls_marsh, nicolae_swamp_trees_clearing
Swamp:2:  layout_basic_swamp, evilmike_swamp_ruin_house_5
Swamp:3:  layout_falls_marsh, nicolae_swamp_fairy_circle, swamp_pool_1_2,
          nicolae_swamp_decorative_isthmus
Swamp:4:  swamp_alternative, layout_basic_swamp, swamp_pool_4,
          nicolae_swamp_nymph_family_reunion
Spider:1: layout_cave_pods
Spider:2: layout_spider_delve, guppyfry_spider_mini_3, uniq_agnes, uniq_arachne
Spider:3: layout_spider_delve, hellmonk_motheaten_closet,
          hangedman_spider_tarantella_strand
Spider:4: hellmonk_spider_rune_endless_swarm, portal_ice_cave_entry_pillars_2,
          nicolae_spider_checkerboard
Orc:1:    layout_caves, basic_altar
Orc:2:    grunt_orc_tribal_feast, layout_caves, serial_shops, shop, basic_altar,
          bloody_makhleb, uniq_erolcha
Vaults:1: mu_enter_wizlab_6, vaults_standard_mumra_x,
          nicolae_vaults_little_squares_1,
          nicolae_vaults_storing_the_good_stuff, nicolae_vaults_tetromino_T_2,
          nicolae_vaults_more_shelving_1, vaults_room_hallway,
          ontoclasm_vaults_twist, v_alt_pattern_1, nicolae_vaults_rhombus_5,
          layout_vaults_quadrants, serial_shops, nicolae_shop_real_fake_doors,
          uniq_saint_roka, uniq_aizul

Skill      XL: |  1  2  3  4  5  6  7  8  9 10 11 12 13 14 15 16 17 18 19 |
---------------+----------------------------------------------------------+-----
Axes           | 4 5 6 7 9 11 13 15 17 18 | 18.0
Fighting       | 4 5 7 8 10 11 12 13 | 13.3
Armour         | 6 8 10 13 15 | 15.0
Dodging        | 4 6 8 9 |  9.1
Shields        | 2 7 10 12 13 14 | 14.6
Evocations     | 8 13 15 | 15.0

Action                     |  1- 3 |  4- 6 |  7- 9 | 10-12 | 13-15 | 16-18 | 19-21 || total
---------------------------+-------+-------+-------+-------+-------+-------+-------++-------
  Melee: Dagger            |    67 |    79 |   148 |       |       |       |       ||   294
         Hand axe          |    70 |    84 |   222 |   297 |       |       |       ||   673
         War axe           |       |       |    40 |   577 |   568 |   462 |    98 ||  1745
         Scimitar          |       |       |       |       |    13 |       |       ||    13
         Broad axe         |       |       |       |       |   775 |  1463 |   204 ||  2442
         Unarmed           |       |       |       |       |       |       |     4 ||     4
  Throw: Dart              |       |       |     2 |     5 |       |       |       ||     7
 Invoke: Berserk           |     1 |     2 |     9 |    20 |    27 |    42 |     5 ||   106
         Trog's Hand       |       |       |     1 |     6 |     4 |     5 |     1 ||    17
         Brothers in Arms  |       |       |       |       |       |     5 |       ||     5
Ability: Invent Gizmo      |       |       |       |       |     1 |       |       ||     1
  Evoke: Wand              |       |       |     1 |    15 |     4 |    32 |       ||    52
    Use: Potion            |       |       |     4 |     2 |     1 |    10 |     3 ||    20
         Scroll            |       |       |       |     9 |    16 |    18 |     4 ||    47
   Stab: Sleeping          |     3 |       |       |       |       |       |       ||     3
         Distracted        |       |       |       |       |       |     3 |       ||     3
         Confused          |       |       |       |       |       |       |     1 ||     1
 Armour: Animal skin       |    14 |       |       |       |       |       |       ||    14
         Ring mail         |    19 |    46 |   100 |    80 |   255 |       |       ||   500
         Leather armour    |       |       |   101 |       |       |       |       ||   101
         Acid dragon scale |       |       |     9 |   323 |   518 |   367 |       ||  1217
         Swamp dragon scal |       |       |       |       |       |   807 |    71 ||   878
         Chain mail        |       |       |       |       |       |       |    51 ||    51
         Skin              |       |       |       |       |       |       |     3 ||     3
  Dodge: Dodged            |    48 |    40 |   152 |   266 |   483 |   552 |    56 ||  1597
  Block: Kite shield       |       |       |       |       |   554 |   625 |    45 ||  1224

Table legend: (Time is in decaauts)
 A = Elapsed time spent in this place.
 B = Non-inter-level travel time spent in this place.
 C = Inter-level travel time spent in this place.
 D = Time resting spent in this place.
 E = Time spent auto-exploring this place.
 F = Levels seen in this place.
 G = Mean time per level.
                   A        B        C        D        E       F      G
               +--------+--------+--------+--------+--------+-----+--------+
         Total |  52936 |  50567 |   2369 |  10570 |  31511 |  33 | 1604.1 |
       Dungeon |  20026 |  18848 |   1178 |   1506 |  14579 |  15 | 1335.1 |
          Lair |   9500 |   9012 |    488 |   1158 |   6279 |   5 | 1900.0 |
         Swamp |   4824 |   4597 |    227 |   1629 |   2276 |   4 | 1206.0 |
   Spider Nest |   9809 |   9535 |    274 |   2889 |   5033 |   4 | 2452.2 |
  Orcish Mines |   4291 |   4095 |    196 |   1196 |   2162 |   2 | 2145.5 |
        Vaults |   1227 |   1222 |      5 |    408 |    497 |   1 | 1227.0 |
      Ice Cave |   1155 |   1155 |      0 |    622 |    232 |   1 | 1155.0 |
        Wizlab |   2101 |   2101 |      0 |   1158 |    452 |   1 | 2101.0 |
               +--------+--------+--------+--------+--------+-----+--------+

Top non-repeatable levels by time:
Spider:4: 3550 daAuts
   Orc:2: 2959 daAuts
Spider:1: 2935 daAuts
  Lair:3: 2449 daAuts
    D:10: 2401 daAuts
 Swamp:3: 2325 daAuts
     D:6: 2205 daAuts
  Lair:5: 2164 daAuts
    D:14: 2124 daAuts
  WizLab: 2101 daAuts
  Lair:2: 1759 daAuts
Spider:2: 1732 daAuts
 Swamp:2: 1667 daAuts
     D:9: 1662 daAuts
    D:13: 1651 daAuts
